 Seeded DCSS version 0.30.1-11-g7821555f0a (webtiles) character file.

Game seed: 6351066067085065685 (custom seed)

5 Esekla the Magician (level 1, 0/10 HPs)
             Began as a Deep Elf Wanderer on Nov 7, 2023.
             Was an Initiate of Vehumet.
             Frozen to death by an endoplasm (3 damage)
             ... on level 3 of the Dungeon.
             The game lasted 00:08:38 (960 turns).

Esekla the Magician (Deep Elf Wanderer)              Turns: 960, Time: 00:08:39

Health: 0/10       AC:  4    Str: 11    XL:     1   Next: 66%
Magic:  7/8        EV: 11    Int: 17    God:    Vehumet [......]
Gold:   134        SH:  3    Dex: 11    Spells: 7/9 levels left

rFire   . . .        a - +1 short sword (freeze)
rCold   . . .        d - +0 buckler
rNeg    . . .        c - +0 robe
rPois   .            m - +0 helmet
rElec   .            (no cloak)
rCorr   .            l - +0 pair of gloves
SInv    .            (no boots)
Will    .....        (no amulet)
Stlth   ++           (no ring)
HPRegen 0.21/turn    (no ring)
MPRegen 0.11/turn

%: no passive effects
@: no status effects
A: no striking features
a: Renounce Religion


You were on level 3 of the Dungeon.
You worshipped Vehumet.
Vehumet was noncommittal.
You visited 1 branch of the dungeon, and saw 4 of its levels.

You collected 134 gold pieces.

Inventory:

Hand Weapons
 a - a +1 short sword of freezing (weapon)
Armour
 c - a +0 robe (worn)
 d - a +0 buckler (worn)
 l - a +0 pair of gloves (worn)
 m - a +0 helmet (worn)
Wands
 i - a wand of roots (9)
Scrolls
 g - 2 scrolls of identify {unknown}
 o - 2 scrolls of enchant weapon {unknown}
 p - a scroll of amnesia {unknown}
Potions
 b - a potion of lignification
 e - a potion of ambrosia {unknown}
 f - 2 potions of attraction {unknown}
 h - a potion of heal wounds {unknown}
 j - 2 potions of curing {unknown}
 k - a potion of haste {unknown}
 n - a potion of mutation {unknown}


   Skills:
 * Level 0.6 Dodging
 + Level 1.2 Stealth
 + Level 1.5 Shields
 * Level 4.7 Spellcasting
 * Level 0.1 Necromancy
 + Level 2.2 Translocations
 + Level 1.0 Invocations


You had 7 spell levels left.
You knew the following spells:

 Your Spells              Type           Power      Damage    Failure   Level
a - Magic Dart            Conj           16%        1d3       22%         1
p - Apportation           Tloc           22%        N/A       9%          1

Your spell library contained the following spells:

 Spells                   Type           Power      Damage    Failure   Level
 Blink                    Tloc           22%        N/A       13%         2
 Lesser Beckoning         Tloc           22%        N/A       13%         2
 Vampiric Draining        Necr           4%         2d6       52%         3
 Ignite Poison            Fire/Tmut/Pois 4%         N/A       54%         3


Dungeon Overview and Level Annotations

Branches:
Dungeon (4/15)
 Temple: D:4-7

Altars:
Okawaru
Vehumet
Zin

Shops:
D:2 =   D:4 (


Message History

Press: ? - help, Shift-Dir - straight line, f/p - hobgoblin
Aim: a hobgoblin (100% to hit)
The magic dart hits the hobgoblin.
The hobgoblin is lightly wounded.
You hit the hobgoblin. You freeze the hobgoblin.
You kill the hobgoblin!
Vehumet accepts your kill.
You see here a hobgoblin corpse.
An endoplasm comes into view.
You open the door.
There is an open door here.
A bat comes into view.
The endoplasm quivers.
The bat hits you but does no damage. The bat barely misses you.
The endoplasm attacks as you move away! You block the endoplasm's attack.
The bat hits you. The bat attacks as you move away! The bat barely misses you.
The bat closely misses you. The bat hits you but does no damage.
You barely miss the bat.
The goblin shouts!
The bat barely misses you.
Casting: Magic Dart (safe; 22% risk of failure)
Confirm with . or Enter, or press ? or * to list all spells.
Aiming: Magic Dart (safe; 22% risk of failure)
Press: ? - help, Shift-Dir - straight line, f - endoplasm
Aim: an endoplasm (100% to hit)
The magic dart hits the endoplasm.
The endoplasm is moderately wounded.
You barely miss the endoplasm.
The endoplasm is moderately wounded.
The endoplasm freezes you.
You are frozen.
You hit the endoplasm but do no damage.
The endoplasm is moderately wounded.
The endoplasm freezes you.
You are frozen.
* * * LOW HITPOINT WARNING * * *
The endoplasm freezes you.
You are frozen.
You die...

######################
......>..............#
......#...##########.#
..........#### ###.#####
......#.#....# #.......#
......#.#.##.#####.......########
......#.......gJ@'...............
......###.###.####.......########
...(.[# #.# #.####.......#
......# #.# #.b..#.......#
......# #.#..............# ##
......# #.#.####.........# #.
####### #.#. #..####### #.
#########.# #.......# #.
#.........# #########.## #.


You could see an endoplasm and a goblin.

Vanquished Creatures
  A goblin (D:3)
  A hobgoblin (D:3)
  A frilled lizard (D:3)
  3 kobolds
6 creatures vanquished.

Notes
Turn   | Place    | Note
-------+----------+-------------------------------------------
     0 | D:1      | Esekla the Deep Elf Wanderer began the quest for the Orb.
     0 | D:1      | Esekla set off with the following items: a +0 club, a
                  | potion of lignification, a +0 robe, a +0 buckler; and the
                  | following spells available to memorise: Apportation, Blink,
                  | Lesser Beckoning, Magic Dart, Ignite Poison, Vampiric
                  | Draining.
     0 | D:1      | Reached XP level 1. HP: 10/10 MP: 7/7
     2 | D:1      | Learned a level 1 spell: Magic Dart
     4 | D:1      | Learned a level 1 spell: Apportation
   259 | D:2      | Found Renulab's Jewellery Shop.
   560 | D:4      | Found a radiant altar of Vehumet.
   564 | D:4      | Became a worshipper of Vehumet
   579 | D:4      | Found an iron altar of Okawaru.
   590 | D:4      | Found a glowing silver altar of Zin.
   764 | D:4      | Found Ponaysk's Antique Weapon Boutique.
   960 | D:3      | Frozen to death by an endoplasm

Illustrated notes

Levels and vault maps discovered:
D:1:      sevenhm_arrival_forest_fort_small_3, layout_rooms,
          chequers_serial_rivers_room_b, minmay_misc_feat_five
D:2:      layout_loops_ring, dreamdust_ecumenical_altar_angels_and_demons,
          serial_shops, shop
D:3:      layout_basic, grunt_temple_overflow_open, minmay_misc_feat_iff
D:4:      layout_basic, nicolae_overflow_quartered_altars, serial_shops,
          nicolae_diamond_shop

Action                     || total
---------------------------++-------
  Melee: Short sword       ||     5
   Cast: Apportation       ||    23
         Magic Dart        ||    14
    Use: Scroll            ||     1
 Armour: Robe              ||    10
  Dodge: Dodged            ||    13
  Block: Buckler           ||     4
